 Dungeon Crawl Stone Soup version 0.22.1-6-g1668fe2c40 (webtiles) character file.

126904 marihumana the Lord of Darkness (level 16, -3/183 HPs)
             Began as a Demonspawn Necromancer on Jan 24, 2019.
             Was the Champion of Kikubaaqudgha.
             Slain by a redback (12 damage)
             ... on level 3 of the Spider Nest.
             The game lasted 03:29:59 (24082 turns).

marihumana the Lord of Darkness (DsNe)             Turns: 24082, Time: 03:30:00

Health: -3/183     AC:  5    Str: 12    XL:     16   Next: 15%
Magic:  6/31       EV:  2    Int: 26    God:    Kikubaaqudgha [******]
Gold:   678        SH: 20    Dex: 19    Spells: 2/37 levels left

rFire    + . .     SeeInvis +   W - +6 rapier of the End {pierce, +Rage rPois Str+4 Dex+3}
rCold    . . .     Gourm    .   q - +3 shield
rNeg     + + +     Faith    .   (armour currently unavailable)
rPois    +         Spirit   .   (helmet unavailable)
rElec    .         Reflect  +   (cloak currently unavailable)
rCorr    .         Harm     .   (gloves currently unavailable)
MR       +....     NoTele   +   (boots currently unavailable)
Stlth    +++.......             B - +5 amulet of reflection
HPRegen  3.40/turn              k - +5 ring of protection
MPRegen  0.22/turn              R - ring "Zatikori" {*Drain rF+ Int+4 SInv}

@: lethally poisoned (-3 -> -3), tree-form (expiring), death channel, corroded,
regenerating
A: powered by death 1, wild magic 1
}: 1/15 runes: decaying
a: Receive Corpses, Torment, Brand Weapon With Pain, Receive Necronomicon,
Renounce Religion, Evoke Berserk Rage


You were on level 3 of the Spider Nest.
You worshipped Kikubaaqudgha.
Kikubaaqudgha was exalted by your worship.
You were not hungry.
You were a tree.
You visited 5 branches of the dungeon, and saw 27 of its levels.
You also visited: Sewer.

You collected 2371 gold pieces.
You spent 1693 gold pieces at shops.

Inventory:

Hand Weapons
 z - the +9 halberd of Fear {pain, Fragile rPois rF+}
   (You bought it in a shop on level 2 of the Orcish Mines)

   In the hands of one skilled in necromantic magic, it inflicts extra damage on
   living creatures.
   It protects you from fire.
   It protects you from poison.
   It will be destroyed if unequipped.
 W - the +6 rapier of the End (weapon) {pierce, +Rage rPois Str+4 Dex+3}
   (You found it on level 6 of the Lair of Beasts)

   It inflicts extra damage upon your enemies.
   It affects your strength (+4).
   It affects your dexterity (+3).
   It protects you from poison.
   It lets you go berserk.
Missiles
 l - 2 throwing nets (quivered)
Armour
 b - a +0 pair of boots (melded)
 q - a +3 shield (worn)
 s - a +2 pair of gloves (melded)
 w - the +5 leather armour of Nyudwopu (melded) {+Inv rElec rF- rC++}
   (You found it on level 7 of the Dungeon)

   It makes you vulnerable to fire.
   It greatly protects you from cold.
   It insulates you from electricity.
   It lets you turn invisible.
 x - a +0 cloak (melded)
 A - +0 swamp dragon scales
 D - +0 ice dragon scales
 Y - +0 swamp dragon scales
Jewellery
 k - a +5 ring of protection (left branch)
 B - a +5 amulet of reflection (around neck)
 I - a +5 ring of strength
 J - an uncursed amulet of magic regeneration {unknown}
 N - an uncursed amulet of magic regeneration {unknown}
 O - a +3 ring of intelligence
 R - the ring "Zatikori" (right branch) {*Drain rF+ Int+4 SInv}
   (You bought it in a shop on level 2 of the Orcish Mines)

   [ring of see invisible]

   It affects your intelligence (+4).
   It protects you from fire.
   It lets you see invisible.
   It causes draining when unequipped.
 T - an uncursed ring of flight
Wands
 r - a wand of digging (18)
 y - a wand of enslavement (29)
 E - a wand of flame (70)
 F - a wand of iceblast (34)
 L - a wand of acid (39)
 P - a wand of disintegration (16)
Scrolls
 a - 10 scrolls of remove curse
 d - 7 scrolls of teleportation
 i - a scroll of summoning
 j - 3 scrolls of blinking
 m - 4 scrolls of identify
 n - 2 scrolls of amnesia
 G - a scroll of holy word
 K - 3 scrolls of enchant weapon
 Q - 2 scrolls of fear
Potions
 e - 4 potions of might
 f - 4 potions of lignification
 g - 6 potions of haste
 h - 3 potions of flight
 o - 4 potions of ambrosia
 p - 2 potions of resistance
 t - a potion of mutation
 u - 3 potions of brilliance
 C - a potion of invisibility
 H - a potion of berserk rage
 M - 9 potions of curing
 X - a potion of cancellation
 Z - a potion of magic
Miscellaneous
 U - a sack of spiders
Comestibles
 c - 29 rations


   Skills:
 - Level 10.0 Fighting
 - Level 5.0 Short Blades
 - Level 3.0 Armour
 + Level 8.9 Dodging
 - Level 4.0 Stealth
 * Level 11.9 Shields
 + Level 11.2 Spellcasting
 - Level 6.0 Conjurations
 - Level 5.0 Charms
 * Level 15.1 Necromancy
 + Level 8.9 Evocations


You had 2 spell levels left.
You knew the following spells:

 Your Spells              Type           Power        Failure   Level  Hunger
a - Pain                  Necr           ####         1%          1    None
b - Animate Skeleton      Necr           N/A          1%          1    None
c - Vampiric Draining     Necr           #######...   1%          3    None
d - Animate Dead          Necr           N/A          1%          4    None
e - Regeneration          Chrm/Necr      ######....   1%          3    None
f - Sublimation of Blood  Necr           #######...   1%          2    None
g - Dispel Undead         Necr           #######.     1%          5    ###....
h - Bolt of Draining      Conj/Necr      ######....   4%          5    ###....
i - Death Channel         Necr           #######...   3%          6    #####..
j - Agony                 Necr           #######.     1%          5    ###....

Your spell library contained the following spells:

 Spells                   Type           Power        Failure   Level  Hunger
 Infusion                 Chrm           ####         1%          1    None
 Magic Dart               Conj           ####         1%          1    None
 Corpse Rot               Necr           N/A          1%          2    None
 Searing Ray              Conj           ######       1%          2    None
 Song of Slaying          Chrm           ######..     2%          2    None
 Shroud of Golubria       Chrm/Tloc      #####.....   5%          2    None
 Apportation              Tloc           ###...       10%         1    None
 Beastly Appendage        Tmut           ###...       10%         1    None
 Confusing Touch          Hex            ###...       10%         1    None
 Corona                   Hex            ###....      10%         1    None
 Sandblast                Erth           ###...       10%         1    None
 Blink                    Tloc           N/A          13%         2    None
 Call Imp                 Summ           ###.....     13%         2    None
 Passwall                 Tmut/Erth      ###.....     13%         2    None
 Slow                     Hex            ###.....     13%         2    None
 Sticks to Snakes         Tmut           ###.....     13%         2    None
 Excruciating Wounds      Chrm/Necr      ######....   4%          5    ###....
 Iskenderun's Mystic Bla  Conj           ######..     8%          4    None
 Conjure Flame            Conj/Fire      #####...     9%          3    None
 Dazzling Spray           Conj/Hex       #####.       9%          3    None
 Stone Arrow              Conj/Erth      #####.       9%          3    None
 Spectral Weapon          Hex/Chrm       #####...     10%         3    None
 Mephitic Cloud           Conj/Pois/Air  ####....     12%         3    None
 Borgnjor's Vile Clutch   Necr/Erth      ######....   12%         5    ###....
 Force Lance              Conj/Tloc      #####...     24%         4    None
 Fulminant Prism          Conj/Hex       #####.....   24%         4    None
 Confuse                  Hex            ###.....     26%         3    None
 Gell's Gravitas          Tloc           ###.......   26%         3    None
 Recall                   Summ/Tloc      N/A          26%         3    None
 Spider Form              Tmut/Pois      ###.......   26%         3    None
 Simulacrum               Ice/Necr       ######....   47%         6    #####..
 Ice Form                 Ice/Tmut       ###.....     61%         4    None
 Leda's Liquefaction      Hex/Erth       ###.......   61%         4    None
 Petrify                  Tmut/Erth      ###.....     61%         4    None
 Summon Lightning Spire   Summ/Air       ###.....     61%         4    None
 Bolt of Magma            Conj/Fire/Erth ####......   67%         5    ###....
 Blade Hands              Tmut           ###.......   90%         5    ###....
 Lee's Rapid Deconstruct  Erth           ###.......   90%         5    ###....
 Metabolic Englaciation   Hex/Ice        ###.......   90%         5    ###....
 Silence                  Hex/Air        ###.......   90%         5    ###....
 Summon Forest            Summ/Tloc      ###.......   90%         5    ###....
 Yara's Violent Unravell  Hex/Tmut       ###.......   90%         5    ###....
 Conjure Ball Lightning   Conj/Air       #####.....   97%         6    #####..
 Iron Shot                Conj/Erth      #####.....   97%         6    #####..
 Deflect Missiles         Chrm/Air       #####.....   98%         6    #####..
 Invisibility             Hex            ###.....     100%        6    #####..
 Statue Form              Tmut/Erth      ###......    100%        6    #####..
 Ring of Flames           Chrm/Fire      #####.....   100%        7    ######.
 Shatter                  Erth           ###.......   100%        9    #######
 Tornado                  Air            ###.......   100%        9    #######


Dungeon Overview and Level Annotations

Branches:
Dungeon (12/15)            Temple (0/1) D:7            Lair (6/6) D:9
  Swamp (4/4) Lair:3       Spider (3/4) Lair:3        Slime (0/5) Lair:6
    Orc (2/2) D:12            Elf (0/3) Orc:2

Altars:
Ashenzari
Dithmenos
Hepliaklqana
Kikubaaqudgha
Nemelex Xobeh
Ru
Trog
Vehumet
Yredelemnul
The Shining One
Beogh
Jiyva

Shops:
D:7 (   Orc:1 }   Orc:2 :=(=

Annotations:
Spider:3 Agnes


Innate Abilities, Weirdness & Mutations

((You have a pair of large horns on your head.))
((Your flesh is cold resistant. (rC+)))
You regenerate a little health from kills.
((You are mostly covered in sharp spines.))
((When seriously injured, your bleeding wounds create thick armour. (AC +0)))
((Your flesh is heat resistant. (rF+)))
Your spells are a little harder to cast, but a little more powerful.


Message History

Your ghost moth zombie struggles to get unstuck from the web.
Casting: Regeneration (safe; 1% risk of failure)
Confirm with . or Enter, or press ? or * to list all spells.
Aiming: Vampiric Draining (safe; 1% risk of failure)
Press: ? - help, Shift-Dir - straight line, f/p - entropy weaver
Aim: an entropy weaver (almost dead, lightly drained)
You kill the entropy weaver!
Kikubaaqudgha accepts your kill.
A glowing mist starts to gather...
You feel life coursing into your body.
You feel yourself speed up.
You feel sick.
Your wolf spider zombie is no longer moving slowly.
The jumping spider leaps!
Something pounces on your ghost moth zombie but does no damage.
Something bites your ghost moth zombie.
The jumping spider leaps!
You block the wolf spider's attack. x3; The wolf spider bites you!
* * * LOW HITPOINT WARNING * * *
You block the wolf spider's attack. x2; The redback bites you!
You die...
Kikubaaqudgha rasps: "You have failed me!
Welcome... death!" ..... .. .... #. .#s .. §# #ss .# .# ...# .s# Z# #... #ss#ss#s#ss.. #ssss#ssa# #♣s# #s#w# #ss##s# .Z>s yss

....#
#ss.
..#.#.
#.#.#
# ....
#. .
.. #.
##


You could see an entropy weaver, a spark wasp, a torpor snail, 2 demonic
crawlers, 4 wolf spiders, 3 orb spiders, 2 jumping spiders, 4 tarantellas, 11
redbacks, a friendly wolf spider zombie and a friendly ghost moth zombie
(webbed).

Vanquished Creatures
  An azure jelly (Swamp:4)
  An entropy weaver (Spider:3)
  A very ugly thing (Swamp:1)
  An ice dragon (Swamp:4)
  Harold (D:11)
  A catoblepas (Lair:6)
  7 hydras
  A ghost crab (Swamp:3)
  7 death yaks (Lair:6)
  5 alligators
  3 two-headed ogres
  2 orc high priests (Orc:2)
  Nergalle (Lair:3)
  2 unseen horrors
  3 swamp dragons
  A spriggan druid (Swamp:4)
  Pikel (D:4)
  3 orc knights (Orc:2)
  2 orb spiders
  A manticore (D:12)
  4 orc sorcerers (Orc:2)
  3 wolf spiders
  An ugly thing (D:12)
  A cyclops (D:12)
  7 black mambas
  4 elephants
  10 spiny frogs
  A gargoyle (D:12)
  3 rime drakes
  5 komodo dragons
  3 demonic crawlers
  3 jumping spiders
  5 tyrant leeches
  3 hornets
  5 trolls
  2 polar bears (Lair:6)
  3 slime creatures (Swamp:3)
  6 dream sheep (Lair:6)
  9 blink frogs
  10 hippogriffs
  2 bog bodies
  18 redbacks
  30 yaks
  A spriggan (Swamp:4)
  3 tarantellas
  5 wyverns
  2 basilisks
  A fire elemental (Orc:2)
  A swamp worm simulacrum (Swamp:4)
  A steam dragon (D:9)
  Menkaure (D:7)
  10 vampire mosquitoes
  2 soldier ants (D:8)
  7 swamp worms
  4 porcupines
  9 water moccasins
  24 orc warriors
  2 swamp drakes
  An ice beast (D:8)
  A sky beast (D:12)
  3 black bears
  6 ogres
  A phantom (D:5)
  25 wolves
  12 crocodiles
  4 centaurs
  A big kobold (D:11)
  A gnoll sergeant (D:10)
  18 bullfrogs
  14 killer bees
  8 electric eels
  2 howler monkeys
  2 lava snakes (Lair:6)
  2 crimson imps
  A bullfrog zombie (D:7)
  A hound (Lair:3)
  7 jellies
  9 orc priests
  A bullfrog skeleton (D:5)
  A gnoll shaman (D:8)
  A centaur skeleton (D:8)
  2 iguanas
  10 orc wizards
  9 worker ants
  2 hound zombies
  A hound skeleton (D:8)
  13 gnolls
  11 adders
  A river rat (D:5)
  2 shadow imps
  14 oozes (D:7)
  An adder skeleton (D:5)
  8 worms
  2 dart slugs
  6 leopard geckos
  48 orcs
  3 ball pythons
  10 giant cockroaches
  6 goblins
  10 hobgoblins
  13 jackals
  13 kobolds
  2 quokkas
  9 bats
  9 frilled lizards
  A jackal zombie (D:3)
  A quokka zombie (D:3)
  13 rats
  4 fungi
  A plant (Lair:4)
603 creatures vanquished.

Vanquished Creatures (collateral kills)
  Nikola (Swamp:2)
  An azure jelly (Swamp:4)
  Roxanne (Spider:2)
  3 thorn hunters
  An orc warlord (Orc:1)
  An emperor scorpion (Spider:2)
  2 entropy weavers
  Azrael (Orc:2)
  An ettin (Orc:2)
  3 hydras
  A ghost crab (Swamp:4)
  An ice dragon (Swamp:4)
  4 death yaks (Lair:6)
  An orc high priest (Orc:2)
  8 alligators
  A deep troll shaman (Lair:6)
  4 spriggans (Swamp:2)
  An unseen horror (D:12)
  3 swamp dragons
  2 shambling mangroves
  7 orb spiders
  13 wolf spiders
  4 oklob plants (Lair:1)
  2 orc sorcerers (Orc:1)
  An orc knight (Orc:1)
  An ugly thing (D:11)
  3 spiny frogs
  3 elephants (Lair:4)
  2 black mambas
  A centaur skeleton (D:12)
  5 komodo dragons
  4 demonic crawlers
  4 freezing wraiths (Swamp:4)
  22 jumping spiders
  2 trolls
  9 hornets
  4 tyrant leeches
  9 slime creatures
  4 bog bodies
  6 blink frogs
  2 hippogriffs
  21 redbacks
  2 wyverns
  A shadow (D:11)
  8 tarantellas
  A fire elemental (Orc:2)
  A basilisk (Lair:3)
  4 yaks
  3 swamp worm simulacra (Swamp:4)
  12 vampire mosquitoes
  A warg (Orc:1)
  7 swamp worms
  3 water moccasins
  5 hell hounds (Orc:2)
  3 swamp drakes
  12 hydra simulacra (Swamp:4)
  4 orc warriors
  11 wolves
  3 ogres
  3 crocodiles
  A killer bee (D:10)
  An electric eel (Spider:1)
  A howler monkey (D:12)
  A bullfrog zombie (D:12)
  3 jellies
  2 orc priests
  A bullfrog skeleton (D:12)
  3 orc wizards (Orc:2)
  An iguana (D:9)
  2 worker ants
  A hound zombie (D:3)
  A howler monkey zombie (D:9)
  A worker ant zombie (D:9)
  3 gnolls (D:6)
  4 swamp drake simulacra (Swamp:4)
  An ooze (D:7)
  19 orcs
  A quokka (D:11)
  2 bushes (Lair:4)
  3 fungi
  5 plants
311 creatures vanquished.

Vanquished Creatures (others)
  A tyrant leech (Swamp:4)
  A redback (Spider:3)
  A fire elemental (Orc:2)
  A swamp worm (Swamp:4)
  An orc priest (Orc:2)
  A hound skeleton (D:4)
  A briar patch (Swamp:4)
  8 fungi
  3 plants
18 creatures vanquished.

Grand Total: 932 creatures vanquished

Notes
Turn   | Place    | Note
-------+----------+-------------------------------------------
     0 | D:1      | marihumana the Demonspawn Necromancer began the quest for
                  | the Orb.
     0 | D:1      | Reached XP level 1. HP: 13/13 MP: 3/3
    86 | D:1      | Learned a level 1 spell: Animate Skeleton
   211 | D:1      | Gained mutation: You are partially covered in sharp spines.
                  | [demonic ancestry]
   211 | D:1      | Reached XP level 2. HP: 5/20 MP: 1/5
   780 | D:1      | Reached skill level 1 in Fighting
  1137 | D:2      | Gained mutation: You regenerate a little health from kills.
                  | [demonic ancestry]
  1137 | D:2      | Reached XP level 3. HP: 24/26 MP: 1/6
  1270 | D:2      | Reached skill level 5 in Necromancy
  1283 | D:2      | Reached XP level 4. HP: 32/33 MP: 1/8
  1575 | D:2      | Learned a level 3 spell: Vampiric Draining
  2086 | D:3      | Gained mutation: You have a pair of small horns on your
                  | head. [demonic ancestry]
  2086 | D:3      | Reached XP level 5. HP: 38/38 MP: 9/9
  2627 | D:4      | Noticed an ogre
  2638 | D:4      | Killed an ogre
  2708 | D:4      | Noticed a slave
  2709 | D:4      | Noticed Pikel
  2710 | D:4      | Noticed a slave
  2711 | D:4      | Noticed a slave
  2712 | D:4      | Noticed a slave
  2724 | D:4      | Killed Pikel
  2724 | D:4      | Reached skill level 6 in Necromancy
  2724 | D:4      | Reached XP level 6. HP: 38/48 MP: 1/12
  2724 | D:4      | Gained mutation: When seriously injured, your bleeding
                  | wounds create armour. (AC +0) [demonic ancestry]
  2724 | D:4      | Reached XP level 7. HP: 42/53 MP: 1/13
  2927 | D:4      | Found a glowing golden altar of the Shining One.
  3491 | D:5      | Entered Level 5 of the Dungeon
  3694 | D:5      | Found a glowing drain.
  3709 | Sewer    | Entered a sewer
  3746 | Sewer    | Learned a level 4 spell: Animate Dead
  3914 | Sewer    | Gained mutation: You have a pair of horns on your head.
                  | [demonic ancestry]
  3914 | Sewer    | Reached XP level 8. HP: 61/61 MP: 13/15
  3917 | Sewer    | Reached skill level 1 in Shields
  3939 | Sewer    | Learned a level 3 spell: Regeneration
  4134 | D:5      | Found a hazy altar of Hepliaklqana.
  4134 | D:5      | Found a sacrificial altar of Ru.
  4157 | D:5      | Found an ancient bone altar of Kikubaaqudgha.
  4163 | D:5      | Became a worshipper of Kikubaaqudgha
  4195 | D:5      | Reached skill level 7 in Necromancy
  4602 | D:5      | Found a radiant altar of Vehumet.
  4604 | D:5      | Found a glowing golden altar of the Shining One.
  4659 | D:5      | Reached skill level 5 in Spellcasting
  5064 | D:6      | Reached skill level 5 in Fighting
  5726 | D:7      | Reached * piety under Kikubaaqudgha
  5726 | D:7      | Identified Kikubaaqudgha's Collected Works on Black Magic
                  | (Kikubaaqudgha gifted it to you on level 7 of the Dungeon)
  5726 | D:7      | Received a gift from Kikubaaqudgha
  5734 | D:7      | Learned a level 2 spell: Sublimation of Blood
  5809 | D:7      | Noticed Menkaure
  5831 | D:7      | Killed Menkaure
  6112 | D:7      | Found a staircase to the Ecumenical Temple.
  6124 | D:7      | Found Fonefeatt's Antique Weapon Emporium.
  6244 | D:7      | Noticed a slime creature
  6268 | D:7      | Killed a slime creature
  6268 | D:7      | Reached XP level 9. HP: 54/68 MP: 12/17
  6279 | D:7      | Reached skill level 1 in Charms
  6389 | D:7      | Found a shattered altar of Ashenzari.
  6406 | D:7      | Found a shadowy altar of Dithmenos.
  6431 | D:7      | Got a spiked leather armour
  6442 | D:7      | Identified the +5 leather armour of Nyudwopu {+Inv rElec
                  | rF- rC++} (You found it on level 7 of the Dungeon)
  6792 | D:8      | Noticed a two-headed ogre
  6811 | D:8      | Killed a two-headed ogre
  6811 | D:8      | Reached skill level 1 in Armour
  6811 | D:8      | Reached skill level 8 in Necromancy
  6811 | D:8      | Reached skill level 1 in Evocations
  7122 | D:8      | Reached ** piety under Kikubaaqudgha
  7291 | D:8      | Paralysed by a hornet for 3 turns
  7292 | D:8      | Reached XP level 10. HP: 66/77 MP: 19/19
  8031 | D:9      | Found a sparkling altar of Nemelex Xobeh.
  8109 | D:9      | Reached skill level 9 in Necromancy
  8189 | D:9      | Found a staircase to the Lair.
  8192 | D:9      | Reached *** piety under Kikubaaqudgha
  8192 | D:9      | Identified Kikubaaqudgha's Reference Book on Evil
                  | (Kikubaaqudgha gifted it to you on level 9 of the Dungeon)
  8192 | D:9      | Received a gift from Kikubaaqudgha
  8206 | D:9      | Learned a level 5 spell: Dispel Undead
  8334 | D:9      | Found an ancient bone altar of Kikubaaqudgha.
  8680 | D:10     | Entered Level 10 of the Dungeon
  8910 | D:10     | Gained mutation: Your spells are a little harder to cast,
                  | but a little more powerful. [potion of mutation]
  8910 | D:10     | Gained mutation: Your flesh is heat resistant. (rF+)
                  | [potion of mutation]
  9139 | D:10     | Reached skill level 5 in Shields
  9245 | D:10     | Killed an unseen horror
  9245 | D:10     | Reached skill level 5 in Dodging
  9986 | D:11     | Noticed a two-headed ogre
  9997 | D:11     | Killed a two-headed ogre
  9997 | D:11     | Gained mutation: When seriously injured, your bleeding
                  | wounds create thick armour. (AC +0) [demonic ancestry]
  9997 | D:11     | Reached XP level 11. HP: 54/84 MP: 8/21
 10061 | D:11     | Noticed a two-headed ogre
 10067 | D:11     | Killed a two-headed ogre
 10153 | D:11     | Noticed a purple ugly thing
 10165 | D:11     | Killed a purple ugly thing
 10165 | D:11     | Reached **** piety under Kikubaaqudgha
 10312 | D:11     | Found a shadowy altar of Dithmenos.
 10422 | D:11     | Reached skill level 10 in Necromancy
 10463 | D:11     | Noticed Harold
 10481 | D:11     | Killed Harold
 10660 | D:12     | Killed an unseen horror
 10782 | D:12     | Found a staircase to the Orcish Mines.
 10787 | D:12     | Found a roughly hewn altar of Beogh.
 10835 | D:12     | Found a basalt altar of Yredelemnul.
 10859 | D:12     | Noticed a cyan ugly thing
 10872 | D:12     | Killed a cyan ugly thing
 10997 | D:12     | Learned a level 5 spell: Bolt of Draining
 11390 | D:12     | Reached skill level 1 in Conjurations
 11492 | D:12     | Killed an unseen horror
 11786 | Lair:1   | Entered Level 1 of the Lair of Beasts
 11814 | Lair:1   | Gained mutation: Your flesh is cold resistant. (rC+)
                  | [demonic ancestry]
 11814 | Lair:1   | Reached XP level 12. HP: 92/92 MP: 24/24
 11829 | Lair:1   | Reached ***** piety under Kikubaaqudgha
 11941 | Lair:1   | Noticed a five-headed hydra
 11951 | Lair:1   | Killed a five-headed hydra
 12074 | Lair:1   | Noticed a four-headed hydra
 12083 | Lair:1   | Killed a four-headed hydra
 12173 | Lair:1   | Reached skill level 11 in Necromancy
 12434 | Lair:1   | Got a translucent flail
 12453 | Lair:1   | Identified the Volume of Heat and Enchantment
 12632 | Lair:2   | Reached skill level 5 in Evocations
 12899 | Lair:2   | Reached skill level 5 in Charms
 13363 | Lair:3   | Noticed Nergalle
 13384 | Lair:3   | Killed Nergalle
 13391 | Lair:3   | Reached XP level 13. HP: 91/99 MP: 6/26
 13444 | Lair:3   | Got a heavy robe
 13495 | Lair:3   | Found a hole to the Spider Nest.
 13590 | Lair:3   | Identified the cursed +0 robe of Tartarus {-Cast rElec rN++
                  | Int-4} (You found it on level 3 of the Lair of Beasts)
 13667 | Lair:3   | Found a staircase to the Swamp.
 14229 | Lair:4   | Reached skill level 12 in Necromancy
 14273 | Lair:4   | Learned a level 6 spell: Death Channel
 14964 | Lair:5   | Found a labyrinth entrance.
 15023 | Lair:5   | Reached ****** piety under Kikubaaqudgha
 15412 | Lair:6   | Entered Level 6 of the Lair of Beasts
 15511 | Lair:6   | Reached skill level 10 in Spellcasting
 15603 | Lair:6   | Found a staircase to the Slime Pits.
 15605 | Lair:6   | Found a viscous altar of Jiyva.
 16004 | Lair:6   | Reached XP level 14. HP: 25/108 MP: 16/28
 16094 | Lair:6   | Reached skill level 5 in Conjurations
 16124 | Lair:6   | Got a fine long sword
 16126 | Lair:6   | Got a steaming rapier
 16134 | Lair:6   | Identified the +6 rapier of the End {pierce, +Rage rPois
                  | Str+4 Dex+3} (You found it on level 6 of the Lair of
                  | Beasts)
 16135 | Lair:6   | Identified the +5 long sword of Inuelox {slice, rElec rC+
                  | Dex-5 Stlth+} (You found it on level 6 of the Lair of
                  | Beasts)
 16252 | Lair:6   | Reached skill level 13 in Necromancy
 16502 | Lair:6   | Reached skill level 1 in Short Blades
 16917 | Orc:1    | Entered Level 1 of the Orcish Mines
 16939 | Orc:1    | Noticed an orc warlord
 16946 | Orc:1    | Killed an orc warlord
 17143 | Orc:1    | Found a roughly hewn altar of Beogh.
 17470 | Orc:2    | Entered Level 2 of the Orcish Mines
 17511 | Orc:2    | Noticed Azrael
 17526 | Orc:2    | Killed Azrael
 17567 | Orc:2    | Found Zuroleso's Jewellery Shop.
 17574 | Orc:2    | Paralysed by an orc sorcerer for 2 turns
 17596 | Orc:2    | Reached skill level 10 in Shields
 17762 | Orc:2    | Found a bloodstained altar of Trog.
 17961 | Orc:2    | Found a staircase to the Elven Halls.
 18341 | Orc:2    | Found Quxyd's Weapon Shoppe.
 18355 | Orc:2    | Found Ifoa's Jewellery Shoppe.
 18359 | Orc:2    | Bought the +9 halberd of Fear {pain, Fragile rPois rF+} for
                  | 1216 gold pieces
 18361 | Orc:2    | Found Yshriuwer's Book Shop.
 18371 | Orc:2    | Bought the ring "Zatikori" {*Drain rF+ Int+4 SInv} for 477
                  | gold pieces
 18601 | Orc:1    | Found Lyhef's Gadget Emporium.
 19082 | Swamp:1  | Entered Level 1 of the Swamp
 19096 | Swamp:1  | Noticed a thorn hunter
 19118 | Swamp:1  | Killed a thorn hunter
 19235 | Swamp:1  | Noticed a purple very ugly thing
 19242 | Swamp:1  | Killed a brown very ugly thing
 19780 | Swamp:2  | Reached skill level 10 in Fighting
 19878 | Swamp:2  | Gained mutation: You have a pair of large horns on your
                  | head. [demonic ancestry]
 19878 | Swamp:2  | Reached XP level 15. HP: 107/115 MP: 5/29
 19938 | Swamp:2  | Noticed Nikola
 19946 | Swamp:2  | Killed Nikola
 20331 | Swamp:2  | Got a steaming dire flail
 20332 | Swamp:2  | Identified the cursed +2 dire flail of Defence by Offence
                  | {freeze, SInv} (You found it on level 2 of the Swamp)
 20392 | Swamp:2  | Learned a level 2 spell: Slow
 20406 | Swamp:2  | Reached skill level 14 in Necromancy
 20733 | Swamp:3  | Identified the Compendium of Changing and the Voyage
 21330 | Swamp:4  | Entered Level 4 of the Swamp
 21478 | Swamp:4  | Noticed a thorn hunter
 21505 | Swamp:4  | Killed a thorn hunter
 21751 | Swamp:4  | Noticed a thorn hunter
 21771 | Swamp:4  | Killed a thorn hunter
 22035 | Swamp:4  | Noticed an azure jelly
 22044 | Swamp:4  | Killed an azure jelly
 22087 | Swamp:4  | Noticed an azure jelly
 22094 | Swamp:4  | Killed an azure jelly
 22137 | Swamp:4  | Got a decaying rune of Zot
 22512 | Spider:1 | Entered Level 1 of the Spider Nest
 22811 | Spider:1 | Learned a level 5 spell: Agony
 23534 | Spider:2 | Gained mutation: You are mostly covered in sharp spines.
                  | [demonic ancestry]
 23534 | Spider:2 | Reached XP level 16. HP: 118/122 MP: 13/31
 23555 | Spider:2 | Reached skill level 15 in Necromancy
 23614 | Spider:2 | Noticed Roxanne
 23645 | Spider:2 | Killed Roxanne
 23651 | Spider:2 | Identified Roxanne's Papyrus of Rubbish (You took it off
                  | Roxanne on level 2 of the Spider Nest)
 23685 | Spider:2 | Reached skill level 5 in Short Blades
 24055 | Spider:3 | Noticed Agnes
 24082 | Spider:3 | HP: 9/183 [wolf spider (8)]
 24082 | Spider:3 | Slain by a redback

Skill      XL: |  1  2  3  4  5  6  7  8  9 10 11 12 13 14 15 16 |
---------------+-------------------------------------------------+-----
Fighting       | 1 2 3 4 5 6 7 8 9 10 | 10.0
Stealth        | 2 3 4 |  4.0
Dodging        | 2 3 4 5 6 7 8 |  8.9
Necromancy     | 5 6 7 8 9 10 11 12 13 14 15 | 15.1
Spellcasting   | 3 4 5 6 7 8 9 10 11 | 11.2
Shields        | 2 4 5 6 8 9 10 11 | 11.9
Charms         | 2 3 4 5 |  5.0
Armour         | 1 3 |  3.0
Evocations     | 1 3 4 5 6 7 8 |  8.9
Conjurations   | 1 3 4 6 |  6.0
Short Blades   | 2 4 5 |  5.0

Action                   |  1- 3 |  4- 6 |  7- 9 | 10-12 | 13-15 | 16-18 || total
-------------------------+-------+-------+-------+-------+-------+-------++-------
Melee: Club              |    18 |       |       |       |       |       ||    18
       Dagger            |    17 |    24 |       |       |       |       ||    41
       War axe           |       |    30 |       |   174 |   229 |       ||   433
       Headbutt          |       |     1 |    40 |    70 |   157 |     6 ||   274
       Whip              |       |       |   132 |       |       |       ||   132
       Flail             |       |       |   139 |   228 |       |       ||   367
       Rapier            |       |       |       |       |   427 |    26 ||   453
 Cast: Pain              |    44 |    29 |    88 |    62 |    62 |     5 ||   290
       Animate Skeleton  |     1 |     4 |     9 |    40 |    18 |       ||    72
       Vampiric Draining |       |     2 |    13 |   115 |   216 |     2 ||   348
       Animate Dead      |       |       |     3 |    12 |    49 |     4 ||    68
       Regeneration      |       |       |     5 |    28 |    74 |     4 ||   111
       Sublimation of Bl |       |       |     2 |    31 |    92 |     2 ||   127
       Death Channel     |       |       |       |       |    34 |     3 ||    37
       Bolt of Draining  |       |       |       |       |    28 |     3 ||    31
       Slow              |       |       |       |       |     9 |       ||     9
       Agony             |       |       |       |       |     1 |     4 ||     5
Invok: Receive Corpses   |       |       |     2 |    12 |    26 |     4 ||    44
 Abil: Evoke Invisibilit |       |       |       |       |     1 |       ||     1
Evoke: Wand              |       |       |       |       |     9 |       ||     9
  Use: Scroll            |     1 |     3 |    18 |    10 |    22 |       ||    54
       Potion            |       |       |     1 |     1 |     3 |     3 ||     8
 Stab: Sleeping          |     1 |     3 |     4 |    16 |     5 |     1 ||    30
       Distracted        |       |       |     1 |     2 |    15 |     1 ||    19
       Invisible         |       |       |       |       |     4 |       ||     4
  Eat: Chunk             |     1 |     5 |    14 |    27 |    26 |       ||    73
       Ration            |       |       |     1 |       |    11 |     2 ||    14
Armor: Robe              |    23 |    20 |    42 |       |       |       ||    85
       Leather armour    |       |       |    26 |   248 |   377 |    17 ||   668
       Skin              |       |       |       |       |       |    52 ||    52
Dodge: Dodged            |    31 |    33 |   120 |   344 |   630 |    25 ||  1183
Block: Shield            |       |       |   100 |   340 |  1092 |    91 ||  1623
       Reflection        |       |       |       |       |    14 |       ||    14
